 Dungeon Crawl Stone Soup version 0.26.0-10-g1f06aea511 (webtiles) character file.

Game seed: 17599552631137982301

59 inc the Stinger (level 3, 14/14 HPs)
             Began as a Felid Venom Mage on Feb 3, 2021.
             Quit the game on level 2 of the Dungeon.
             The game lasted 00:02:33 (1362 turns).

inc the Stinger (Felid Venom Mage)                  Turns: 1362, Time: 00:02:33

Health: 14/14      AC:  1    Str:  4    XL:     3   Next: 78%
Magic:  7/7        EV: 18    Int: 17    God:
Gold:   64         SH:  0    Dex: 16    Spells: 3/6 levels left
                                        Lives:  0   Deaths: 1

rFire    . . .     SeeInvis +   (weapon unavailable)
rCold    . . .     Faith    .   (shield unavailable)
rNeg     . . .     Spirit   .   (armour unavailable)
rPois    .         Reflect  .   (helmet unavailable)
rElec    .         Harm     .   (cloak unavailable)
rCorr    .         Rampage  .   (gloves unavailable)
Will     .....                  (boots unavailable)
Stlth    +++.......             (no amulet)
HPRegen  0.04/turn              h - ring of flight
MPRegen  0.10/turn              (no ring)

@: quick
A: very small, no armour, no weapons or thrown items, stealth, claws 1, fangs 3,
see invisible, speed 1, shaggy fur 1, sharp paws
a: Evoke Flight


You were on level 2 of the Dungeon.
You visited 1 branch of the dungeon, and saw 2 of its levels.

You collected 64 gold pieces.

Inventory:

Jewellery
 h - a ring of flight (left paw)
Scrolls
 b - 5 scrolls of identify {unknown}
 c - 2 scrolls of teleportation {unknown}
 d - a scroll of remove curse {unknown}
 f - a scroll of amnesia {unknown}
 i - 3 scrolls of immolation {unknown}
Potions
 a - a potion of attraction


   Skills:
 - Level 2.6 Dodging
 - Level 2.6 Stealth
 - Level 2.0 Spellcasting
 - Level 1.1 Transmutations
 + Level 5.1 Poison Magic


You had 3 spell levels left.
You knew the following spells:

 Your Spells              Type           Power        Failure   Level
a - Sting                 Tmut/Pois      48%          5%          1
b - Poisonous Vapours     Pois/Air       20%          11%         2

Your spell library contained the following spells:

 Spells                   Type           Power        Failure   Level
 Ignite Poison            Fire/Tmut/Pois 8%           26%         3
 Mephitic Cloud           Conj/Pois/Air  7%           28%         3
 Olgreb's Toxic Radiance  Pois           19%          24%         4


Dungeon Overview and Level Annotations

Branches:
Dungeon (2/15)

Altars:


Innate Abilities, Weirdness & Mutations

You cannot wear armour.
You are incapable of wielding weapons or throwing items.
Your paws allow you to move quietly. (Stealth)
You have sharp claws.
You have razor-sharp teeth.
You have supernaturally acute eyesight. (SInv)
You cover ground quickly.
You are covered in fur. (AC +1)
Your sharp claws are effective at attacking unaware monsters.


Message History

You kill the killer bee!
The kobold throws a stone.
The stone barely misses you. The kobold is pulled toward you!
Your Poison Magic skill increases to level 5!
Unknown command.
Casting: Sting (safe; 5% risk of failure)
Confirm with . or Enter, or press ? or * to list all spells.
Aiming: Sting (safe; 5% risk of failure)
Press: ? - help, Shift-Dir - straight line, f - kobold
Aim: a kobold, wielding a +0 dagger (36% to evade)
The sting hits the kobold but does no damage.
The kobold is poisoned.
You die...
Your shape twists and changes as you die.
You feel sick. The kobold hits you but does no damage.
The killer bee is pulled toward you!
You are now level 3!
You feel less wooden.
You rejoin the land of the living...
Are you sure you want to abandon this character and quit the game? (Confirm with "yes".)

##########.#.##
.......@.......
###...#####..##
#.#..... .#.#..
...#. #.# .#
..# #.. .# ..#
#.. .# #.#
##..###.# #y#
#.......#


There were no monsters in sight!

Vanquished Creatures
  2 killer bees (D:2)
  An adder (D:2)
  A dart slug (D:1)
  A leopard gecko (D:2)
  A giant cockroach (D:1)
  3 goblins (D:1)
  5 hobgoblins
  A bat (D:1)
  2 frilled lizards
  6 kobolds
  A rat (D:1)
24 creatures vanquished.

Notes
Turn   | Place    | Note
-------+----------+-------------------------------------------
     0 | D:1      | inc the Felid Venom Mage began the quest for the Orb.
     0 | D:1      | Reached XP level 1. HP: 7/7 MP: 4/4
   165 | D:1      | Reached skill level 3 in Poison Magic
   294 | D:1      | Reached XP level 2. HP: 11/11 MP: 4/6
   893 | D:2      | Reached XP level 3. HP: 8/14 MP: 2/7
  1024 | D:2      | Learned a level 2 spell: Poisonous Vapours
  1129 | D:2      | Noticed a killer bee
  1347 | D:2      | Noticed a killer bee
  1354 | D:2      | Killed a killer bee
  1354 | D:2      | Noticed a killer bee
  1355 | D:2      | Reached skill level 4 in Poison Magic
  1355 | D:2      | Reached XP level 4. HP: 2/18 MP: 4/8
  1358 | D:2      | HP: 1/27 [poisoned by a killer bee]
  1361 | D:2      | Reached skill level 5 in Poison Magic
  1361 | D:2      | Succumbed to a killer bee's poison
  1362 | D:2      | Reached XP level 3. HP: 0/21 MP: 0/7
  1362 | D:2      | Quit the game

Illustrated notes

Levels and vault maps discovered:
D:1:      amcnicky_arrival_single_pillar, layout_loops_ring
D:2:      layout_basic, led_sif_pool

Skill      XL: |  1  2  3  4 |
---------------+-------------+-----
Poison Magic   | 3 4 5 |  5.1
Dodging        | |  2.6
Stealth        | |  2.6
Spellcasting   | |  2.0
Transmutations | |  1.1

Action                   |  1- 3 |  4- 6 || total
-------------------------+-------+-------++-------
 Cast: Sting             |    43 |     5 ||    48
  Use: Potion            |     2 |     1 ||     3
Armor: Skin              |     1 |     9 ||    10
Dodge: Dodged            |    29 |     1 ||    30
